 Dungeon Crawl Stone Soup version 0.31-a0-1308-ga3cce3a448 (webtiles) character file.

Game seed: 2711180895603315500

18 sampeng1 the Chopper (level 2, -20/27 HPs)
             Began as a Minotaur Berserker on Dec 19, 2023.
             Was a Follower of Trog.
             Engulfed by a cloud of flame (27 damage)
             ... on level 1 of the Dungeon.
             The game lasted 00:02:21 (650 turns).

sampeng1 the Chopper (Minotaur Berserker)            Turns: 650, Time: 00:02:21

Health: -20/27     AC:  6    Str: 21    XL:     2   Next: 48%
Magic:  1/1        EV: 10    Int:  4    God:    Trog [*.....]
Gold:   46         SH:  0    Dex:  9    Spells: 1/1 levels left

rFire   . . .        a - +0 hand axe
rCold   . . .        (no shield)
rNeg    . . .        g - +0 scale mail
rPois   .            (helmet restricted)
rElec   .            (no cloak)
rCorr   .            (no gloves)
SInv    .            (no boots)
Will    .....        (no amulet) Stlth
                     (no ring)
HPRegen 0.24/turn    (no ring)
MPRegen 0.07/turn

%: no passive effects
@: no status effects
A: horns 2, retaliatory headbutt
a: Renounce Religion, Berserk


You were on level 1 of the Dungeon.
You worshipped Trog.
Trog was aware of your devotion.
You visited 1 branch of the dungeon, and saw 1 of its levels.

You collected 46 gold pieces.

Inventory:

Hand Weapons
 a - a +0 hand axe (weapon)
Armour
 g - a +0 scale mail (worn)
Scrolls
 c - a scroll of blinking {unknown}
 d - a scroll of immolation {unknown}
 f - a scroll of identify {unknown}
Potions
 b - a potion of curing {unknown}
 e - a potion of might {unknown}


   Skills:
 + Level 3.9 Fighting
 + Level 3.9 Axes
 + Level 2.8 Armour
 + Level 2.5 Dodging


You had one spell level left.
You didn't know any spells.
Your spell library was empty.

Dungeon Overview and Level Annotations

Branches:
Dungeon (1/15)

Altars:


Innate Abilities, Weirdness & Mutations

You have a pair of horns on your head.
You reflexively headbutt those who attack you in melee.


Message History

A rat comes into view.
The rat squeaks loudly.
You slash the rat!
You kill the rat!
Trog accepts your kill.
You see here a rat corpse.
Found 7 stones.
A goblin and a bat come into view.
The goblin shouts!
The bat barely misses you.
The goblin moves out of view.
You closely miss the bat. The bat hits you but does no damage.
The bat barely misses you. The bat hits you but does no damage.
The bat hits you but does no damage. The goblin hits you but does no damage.
The bat hits you but does no damage.
You hit the bat.
You kill the bat!
Trog accepts your kill.
You hit the goblin. The goblin hits you but does no damage.
The goblin hits you but does no damage.
You see here a bat corpse.
You hit the goblin.
The goblin is heavily wounded.
The goblin completely misses you.
You hit the goblin.
You kill the goblin!
Trog accepts your kill.
You see here a +0 dagger.
You see here 7 stones.
There is an open door here.
You see here a +0 robe.
There is an open door here.
There is an open door here.
Partly explored, can't reach some items and places.
Okay, then.
You are engulfed in blazing flames.
Ouch! That really hurt!
* * * LOW HITPOINT WARNING * * *
You are engulfed in blazing flames.
Ouch! That really hurt!
You die...

#.....# #§§°# #.## #.....#
#.§.# #.# #.....# #.§§# #.#
#.....# ######...######.#
#####.####..§§.$?[.§§..#.#
............§§......§§...#
#####.####.☼°§...[...§.###
..# #.# #####...##### #.#
#.# #○@○# #.# #.# #§§§#
..###.# #☼☼§# #.....#
#...## #.##### ##.#.# ##
#.#...# #...##### #.
#.#.#.# ###.....## #.
#.#.#.##############....###
#. ###.#.##....<....#
#...>..# #.


There were no monsters in sight!

Vanquished Creatures
  3 bats (D:1)
  4 endoplasms (D:1)
  A giant cockroach (D:1)
  3 goblins (D:1)
  A hobgoblin (D:1)
  A frilled lizard (D:1)
  A kobold (D:1)
  A rat (D:1)
15 creatures vanquished.

Notes
Turn   | Place    | Note
-------+----------+-------------------------------------------
     0 | D:1      | sampeng1 the Minotaur Berserker began the quest for the
                  | Orb.
     0 | D:1      | Reached XP level 1. HP: 19/19 MP: 0/0
   112 | D:1      | Reached XP level 2. HP: 25/27 MP: 1/1
   389 | D:1      | Found a faded altar of an unknown god.
   650 | D:1      | Engulfed by a cloud of flame

Illustrated notes

Levels and vault maps discovered:
D:1:      shiori_arrival_oz, layout_basic,
          hellmonk_ecumenical_altar_pennies_from_heaven, lemuel_flame_loot_1

Action                     || total
---------------------------++-------
  Melee: Hand axe          ||    33
         Headbutt          ||     3
 Armour: Ring mail         ||    14
         Animal skin       ||     4
         Scale mail        ||    11
  Dodge: Dodged            ||    13

Table legend: (Time is in decaauts)
 A = Elapsed time spent in this place.
 B = Non-inter-level travel time spent in this place.
 C = Inter-level travel time spent in this place.
 D = Time resting spent in this place.
 E = Time spent auto-exploring this place.
 F = Levels seen in this place.
 G = Mean time per level.
                   A        B        C        D        E       F      G
               +--------+--------+--------+--------+--------+-----+--------+
         Total |    655 |    655 |      0 |      0 |    464 |   1 |  655.0 |
       Dungeon |    655 |    655 |      0 |      0 |    464 |   1 |  655.0 |
               +--------+--------+--------+--------+--------+-----+--------+

Top non-repeatable levels by time:
     D:1: 655 daAuts
